 Dungeon Crawl Stone Soup version 0.30.0-5-g1a98f26d00 (webtiles) character file.

Game seed: 15298102561257098859

46 Inkenn the Shield-Bearer (level 3, -2/29 HPs)
             Began as a Demonspawn Fighter on May 8, 2023.
             Slain by a gnoll
             ... wielding a +0 spear
             ... led by a gnoll bouda
              (5 damage)
             ... on level 4 of the Dungeon.
             The game lasted 00:01:59 (1163 turns).

Inkenn the Shield-Bearer (Demonspawn Fighter)       Turns: 1163, Time: 00:01:59

Health: -2/29      AC:  6    Str: 18    XL:     3   Next: 44%
Magic:  3/3        EV:  9    Int: 17    God:
Gold:   65         SH:  4    Dex: 12    Spells: 2/2 levels left

rFire   . . .        a - +0 rapier
rCold   . . .        c - +0 buckler
rNeg    . . .        b - +0 scale mail
rPois   .            (helmet restricted)
rElec   .            (no cloak)
rCorr   .            (no gloves)
SInv    .            (no boots)
Will    .....        (no amulet) Stlth
                     p - +6 ring of intelligence
HPRegen 0.24/turn    (no ring)
MPRegen 0.08/turn

%: no passive effects
@: mighty
A: horns 1, big brain 1
a: no special abilities


You were on level 4 of the Dungeon.
You visited 1 branch of the dungeon, and saw 4 of its levels.

You collected 65 gold pieces.

Inventory:

Hand Weapons
 a - a +0 rapier (weapon)
Armour
 b - a +0 scale mail (worn)
 c - a +0 buckler (worn)
 m - a -3 pair of gloves
Jewellery
 p - a +6 ring of intelligence (left hand)
Scrolls
 e - a scroll of summoning {unknown}
 f - a scroll of blinking {unknown}
 g - a scroll of enchant armour {unknown}
 l - a scroll of noise {unknown}
 n - 2 scrolls of teleportation {unknown}
 q - a scroll of poison {unknown}
Potions
 h - a potion of attraction {unknown}
 i - a potion of degeneration {unknown}
 j - a potion of curing {unknown}
 k - a potion of lignification {unknown}
 o - a potion of berserk rage {unknown}


   Skills:
 - Level 3.0 Fighting
 * Level 3.1 Short Blades
 - Level 2.6 Armour
 + Level 3.2 Shields


You had 2 spell levels left.
You didn't know any spells.
Your spell library contained the following spells:

 Spells                   Type           Power      Damage    Failure   Level
 Apportation              Tloc           0%         N/A       67%         1
 Necrotise                Necr           0%         1d4       67%         1
 Summon Small Mammal      Summ           0%         N/A       67%         1


Dungeon Overview and Level Annotations

Branches:
Dungeon (4/15)
 Temple: D:4-7

Altars:

Shops:
D:1 :   D:2 [


Innate Abilities, Weirdness & Mutations

You have a pair of small horns on your head.
You have an unusually large brain. (Int +2)


Message History

Found a stone staircase leading up.
A gnoll comes into view. It is wielding a +0 spear.
You closely miss the gnoll bouda.
The gnoll shouts!
The gnoll bouda hits you with a +0 club.
You hit the gnoll bouda.
The gnoll bouda is lightly wounded.
A kobold comes into view. It is wielding a +0 club.
The gnoll bouda barks out a call to the hunt!
The gnolls pick up the pace!
A gnoll comes into view. It is wielding a +0 spear.
The kobold shouts!
You hear a shout!
You feel very mighty all of a sudden.
An ufetubus comes into view.
You block the gnoll's attack.
A quokka comes into view.
You barely miss the gnoll bouda.
The gnoll bouda is lightly wounded.
The gnoll barely misses you. The gnoll bouda barely misses you.
You hit the gnoll bouda.
The gnoll bouda is moderately wounded.
The gnoll bouda hits you with a +0 club.
The gnoll hits you with a +0 flail!
The gnoll hits you from afar with a +0 spear.
A giant cockroach comes into view.
You are too injured to fight recklessly!
You are too injured to fight recklessly!
You are too injured to fight recklessly!
You are too injured to fight recklessly!
You are too injured to fight recklessly!
You hit the gnoll bouda.
The gnoll bouda is heavily wounded.
The gnoll hits you with a +0 flail.
* * * LOW HITPOINT WARNING * * *
The gnoll bouda hits you with a +0 club.
* * * LOW HITPOINT WARNING * * *
A goblin comes into view. It is wielding a +0 club.
The gnoll closely misses you.
The gnoll hits you from afar with a +0 spear.
You die...

#..... .. ##....
.# ... #$....
##.###...
#.....####.......g
..................
#...†#......$.B
#<.#.........
##.).g.......
#<..@.gK....
##r..gg.....
.....#.5.....
....#..........
.....#.#...?...#
..#. .....#..... .
# <..#..###...
##..#..# ...


You could see a gnoll bouda, 3 gnolls, an ufetubus, a quokka, a giant cockroach,
a goblin (wandering) and a kobold.

Vanquished Creatures
  2 dart slugs
  3 ball pythons (D:1)
  3 endoplasms (D:1)
  5 goblins
  5 hobgoblins (D:1)
  2 jackals (D:2)
  2 quokkas (D:1)
  3 bats
  4 frilled lizards
  5 kobolds
  4 rats
38 creatures vanquished.

Notes
Turn   | Place    | Note
-------+----------+-------------------------------------------
     0 | D:1      | Inkenn the Demonspawn Fighter began the quest for the Orb.
     0 | D:1      | Reached XP level 1. HP: 18/18 MP: 1/1
   142 | D:1      | Gained mutation: You have an unusually large brain. (Int
                  | +2) [demonic ancestry]
   142 | D:1      | Reached XP level 2. HP: 15/24 MP: 2/2
   335 | D:1      | Found Yhogaror's Vocational Training.
   693 | D:1      | Gained mutation: You have a pair of small horns on your
                  | head. [demonic ancestry]
   693 | D:1      | Reached XP level 3. HP: 29/29 MP: 3/3
   837 | D:2      | Found Osyfoihi's Armour Emporium.
  1163 | D:4      | Slain by a gnoll

Illustrated notes

Levels and vault maps discovered:
D:1:      kennysheep_arrival_forest, layout_loops_ring, nicolae_shop_vocational
D:2:      layout_loops_ring, serial_shops, nicolae_shop_scrapyard
D:3:      layout_basic, mainiacjoe_overflow_boulevard,
          shapermc_ecumenical_altar_ellora, minmay_misc_feat_tiny, minivault_27
D:4:      layout_cave_pools, lightli_temple_of_fire, temple_green

Skill      XL: |  1  2  3 |
---------------+----------+-----
Short Blades   | 2 3 |  3.1
Shields        | 3 |  3.2
Fighting       | |  3.0
Armour         | |  2.6

Action                     || total
---------------------------++-------
  Melee: Rapier            ||   142
         Headbutt          ||     4
    Use: Potion            ||     1
 Armour: Scale mail        ||    67
  Dodge: Dodged            ||    58
  Block: Buckler           ||    31
